 Dungeon Crawl Stone Soup version 0.29.0-11-gd7f09526c8 (webtiles) character file.

Game seed: 10713215878351669998

870 Ordine the Cudgeller (level 8, -3/51 HPs)
             Began as a Gargoyle Fighter on Sept 4, 2022.
             Slain by a killer bee (6 damage)
             ... on level 5 of the Dungeon.
             The game lasted 00:07:15 (4250 turns).

Ordine the Cudgeller (Gargoyle Fighter)             Turns: 4250, Time: 00:07:16

Health: -3/51      AC: 21    Str: 22    XL:     8   Next: 3%
Magic:  8/8        EV:  2    Int:  9    God:
Gold:   108        SH: 10    Dex:  9    Spells: 7/7 levels left

rFire   + . .      SeeInvis .   a - +0 flail
rCold   + . .      Faith    .   c - +0 buckler
rNeg    + . .      Spirit   .   j - +0 gold dragon scales
rPois   ∞          Reflect  +   f - +0 helmet
rElec   +          Harm     .   (no cloak)
rCorr   .          Rampage  .   i - +0 pair of gloves
Will    .....                   (no boots)
Stlth   ..........              o - amulet of reflection
HPRegen 0.17/turn               (no ring)
MPRegen 0.11/turn               (no ring)

@: no status effects
A: sickness immunity, AC +5, negative energy resistance 1, electricity
resistance, torment resistance 1, petrification resistance
a: no special abilities


You were on level 5 of the Dungeon.
You visited 1 branch of the dungeon, and saw 5 of its levels.
You also visited: Sewer.

You collected 108 gold pieces.

Inventory:

Hand Weapons
 a - a +0 flail (weapon)
Missiles
 d - 4 poisoned darts
 n - 6 curare-tipped darts (quivered)
 p - 4 atropa-tipped darts
Armour
 c - a +0 buckler (worn)
 f - a +0 helmet (worn)
 i - a +0 pair of gloves (worn)
 j - +0 gold dragon scales (worn)
Jewellery
 o - an amulet of reflection (around neck)
 t - a ring of fire
Wands
 l - a wand of mindburst (8)
 q - a wand of polymorph (5)
Scrolls
 b - a scroll of fear {unknown}
 g - 3 scrolls of vulnerability {unknown}
 h - 2 scrolls of identify {unknown}
 k - a scroll of amnesia {unknown}
 m - 2 scrolls of noise {unknown}
 s - a scroll of poison {unknown}
 u - 2 scrolls of magic mapping {unknown}
 y - a scroll of enchant weapon {unknown}
Potions
 e - 2 potions of resistance {unknown}
 r - a potion of curing {unknown}
 v - 2 potions of invisibility {unknown}
 w - a potion of flight {unknown}
 x - 4 potions of brilliance {unknown}


   Skills:
 + Level 5.7 Fighting
 * Level 6.5 Maces & Flails
 - Level 3.2 Armour
 + Level 5.8 Shields


You had 7 spell levels left.
You didn't know any spells.
Your spell library contained the following spells:

 Spells                   Type           Power      Damage    Failure   Level
 Magic Dart               Conj           0%         1d3       100%        1
 Call Imp                 Summ           0%         N/A       100%        2
 Dazzling Flash           Conj/Hex       0%         N/A       100%        3
 Mephitic Cloud           Conj/Pois/Air  0%         N/A       100%        3
 Agony                    Necr           0%         N/A       100%        5
 Silence                  Hex/Air        0%         N/A       100%        5


Dungeon Overview and Level Annotations

Branches:
Dungeon (5/15)              Sewer (visited)
 Temple: D:4-7

Altars:
Hepliaklqana
Xom
Yredelemnul

Shops:
D:2 =


Innate Abilities, Weirdness & Mutations

You are immune to sickness and miasma.
Your stone body is resilient. (AC +5)
You are immune to poison.
You resist negative energy. (rN+)
You are resistant to electric shocks. (rElec)
You are resistant to unholy torment.
You are immune to petrification.


Message History

The killer bee is almost dead.
The killer bee completely misses you. You block the killer bee's attack.
You miss the killer bee.
The killer bee is almost dead.
The killer bee barely misses you.
The killer bee stings you but does no damage.
You closely miss the killer bee.
The killer bee is almost dead.
You block the killer bee's attack.
The killer bee stings you but does no damage.
You closely miss the killer bee.
The killer bee is almost dead.
The killer bee stings you but does no damage.
The killer bee stings you. You block the killer bee's attack.
You sock the killer bee!
You kill the killer bee!
You block the killer bee's attack.
You have reached level 8!
You feel clever.
You miss the killer bee. You block the killer bee's attack.
The killer bee stings you but does no damage.
You closely miss the killer bee. You block the killer bee's attack.
The killer bee stings you.
You closely miss the killer bee. You block the killer bee's attack. x2
The killer bee stings you but does no damage.
You hit the killer bee.
The killer bee is moderately wounded.
The killer bee stings you but does no damage. x2
You hit the killer bee.
The killer bee is heavily wounded.
The killer bee stings you but does no damage.
The killer bee stings you!
* * * LOW HITPOINT WARNING * * *
You miss the killer bee.
The killer bee is heavily wounded.
You block the killer bee's attack. The killer bee stings you!
* * * LOW HITPOINT WARNING * * *
The killer bee attacks as you move away!
The killer bee barely misses you. The killer bee stings you.
You die...

#.....###.....
.....!.......+
............#
#.#.........#
#.#.........#
#yy.........#
#y#.........#
#######y#.........#
#....<#@#.........#
#.#####.#...#######
#........#.##
#.########.#
##########.#
.........#
##########


You could see 4 killer bees.

Vanquished Creatures
  Duvessa (D:4)
  2 black bears (D:4)
  Pargi (Sewer)
  An ogre (D:4)
  A scorpion (D:4)
  Dowan (D:4)
  2 killer bees (D:5)
  A howler monkey (D:4)
  A hound (D:4)
  An orc priest (D:3)
  2 adders
  A shadow imp (D:5)
  4 dart slugs
  8 orcs
  8 ball pythons
  6 endoplasms
  3 giant cockroaches
  8 goblins
  5 hobgoblins
  2 jackals (D:4)
  7 quokkas
  2 bats
  5 frilled lizards
  4 kobolds
  5 rats
82 creatures vanquished.

Vanquished Creatures (others)
  11 fungi (D:4)
11 creatures vanquished.

Grand Total: 93 creatures vanquished

Notes
Turn   | Place    | Note
-------+----------+-------------------------------------------
     0 | D:1      | Ordine the Gargoyle Fighter began the quest for the Orb.
     0 | D:1      | Reached XP level 1. HP: 14/14 MP: 1/1
   153 | D:1      | Reached XP level 2. HP: 4/19 MP: 2/2
   925 | D:2      | Identified the +2 dagger "Laufepoy" {drain, rElec rCorr
                  | Int-4 Dex+2}
   963 | D:2      | Reached XP level 3. HP: 23/23 MP: 3/3
   989 | D:2      | Found Mathry's One-of-a-Kind Rings.
  1109 | D:2      | Found a basalt altar of Yredelemnul.
  1315 | D:2      | Reached skill level 3 in Maces & Flails
  1373 | D:2      | Found a faded altar of an unknown god.
  1731 | D:3      | Reached XP level 4. HP: 29/29 MP: 4/4
  2276 | D:3      | Found a shimmering altar of Xom.
  2277 | D:3      | Found a hazy altar of Hepliaklqana.
  2277 | D:3      | Noticed an ogre
  2278 | D:3      | Noticed a spectral ugly thing
  2634 | D:4      | Noticed a black bear
  2648 | D:4      | Noticed an ogre
  2705 | D:4      | Reached XP level 5. HP: 29/33 MP: 5/5
  2784 | D:4      | Reached skill level 4 in Maces & Flails
  2848 | D:4      | Noticed Duvessa
  2866 | D:4      | Noticed Dowan
  2873 | D:4      | Killed Duvessa
  2874 | D:4      | Reached XP level 6. HP: 33/39 MP: 6/6
  2874 | D:4      | Killed Dowan
  2905 | D:4      | Reached skill level 5 in Maces & Flails
  2905 | D:4      | Reached skill level 5 in Shields
  2972 | D:4      | Reached skill level 5 in Fighting
  3031 | D:4      | Killed a black bear
  3032 | D:4      | Reached XP level 7. HP: 37/44 MP: 7/7
  3149 | D:4      | Found a glowing drain.
  3173 | Sewer    | Entered a sewer
  3329 | Sewer    | Noticed Pargi
  3335 | Sewer    | Killed Pargi
  3668 | D:4      | Reached skill level 6 in Maces & Flails
  4146 | D:5      | Entered Level 5 of the Dungeon
  4244 | D:5      | Reached XP level 8. HP: 18/51 MP: 8/8
  4250 | D:5      | Slain by a killer bee

Illustrated notes

Levels and vault maps discovered:
D:1:      amcnicky_arrival_single_pillar, layout_rooms
D:2:      layout_basic, nicolae_ecumenical_snake_handling, basic_altar,
          st_stairs_12, nicolae_shop_unique_rings, minmay_misc_feat_x,
          chequers_avenue, hangedman_decor_push, hex_tiny
D:3:      layout_loops_ring, regret_index_temple_of_mockery, serial_bayou_pond_e
D:4:      layout_loops_ring, serial_aquarium, aquarium_bridge_square
          [aquarium_subvault_balcony, aquarium_subvault_window,
          aquarium_subvault_bridge, aquarium_subvault_bridge],
          aquarium_window_corridor_2, aquarium_window_1, aquarium_view_2d,
          aquarium_pool_S, portal_sewer_entry_f, uniq_duvessa
D:5:      layout_basic, mainiacjoe_overflow_brackets,
          chequers_temple_overflow_statue_of_worship, serial_shops, shop,
          uniq_eustachio

Skill      XL: |  1  2  3  4  5  6  7 |
---------------+----------------------+-----
Maces & Flails | 3 4 5 6 |  6.5
Fighting       | 4 5 |  5.7
Shields        | 4 5 |  5.8
Armour         | |  3.2

Action                   |  1- 3 |  4- 6 |  7- 9 || total
-------------------------+-------+-------+-------++-------
Melee: Flail             |   119 |    99 |   127 ||   345
Throw: Dart              |       |     2 |       ||     2
Evoke: Wand              |       |     5 |       ||     5
  Use: Potion            |       |     1 |       ||     1
Armor: Scale mail        |    11 |       |       ||    11
       Gold dragon scale |    90 |    70 |   109 ||   269
Dodge: Dodged            |    16 |     8 |    14 ||    38
Block: Buckler           |    17 |    51 |    75 ||   143
       Reflection        |       |     2 |       ||     2
